 Dungeon Crawl Stone Soup version bcrawl-1.21.2-20-g6d45ba5942 (webtiles) character file.

Game seed: 2673648261836892353

688 Mrkan the Poker (level 7, 0/61 HPs)
             Began as a Minotaur Fighter on Feb 25, 2020.
             Slain by a gnoll
             ... wielding a +0 spear
              (2 damage)
             ... on level 3 of the Dungeon.
             The game lasted 00:03:10 (3158 turns).

Mrkan the Poker (Minotaur Fighter)                  Turns: 3158, Time: 00:03:11

Health: 0/61       AC:  8    Str: 21    XL:     7   Next: 36%
Magic:  6/6        EV:  7    Int:  5    God:
Gold:   201        SH: 10    Dex: 11    Spells: 6/6 levels left

rFire    . . .     SeeInvis .   a - +0 trident
rCold    . . .     Gourm    .   c - +0 medium shield
rNeg     . . .     Faith    .   b - +0 scale mail
rPois    .         Spirit   .   (helmet restricted)
rElec    .         Reflect  .   n - +0 cloak
rCorr    .         Harm     .   (no gloves)
MR       .....                  (no boots)
Stlth    ..........             (no amulet)
HPRegen  0.20/turn              (no ring)
MPRegen  0.10/turn              (no ring)

@: no status effects
A: retaliatory headbutt, horns 2
a: no special abilities


You were on level 3 of the Dungeon.
You were not hungry.

You visited 1 branch of the dungeon, and saw 3 of its levels.

You collected 201 gold pieces.

Inventory:

Hand Weapons
 a - a +0 trident (weapon)
Armour
 b - a +0 scale mail (worn)
 c - a +0 medium shield (worn)
 n - a +0 cloak (worn)
Jewellery
 l - an uncursed ring of see invisible {unknown}
Wands
 p - a wand of polymorph (7)
Scrolls
 f - a scroll of teleportation {unknown}
 g - a scroll of identify {unknown}
 h - a scroll of immolation {unknown}
 k - a scroll of fear {unknown}
 q - a scroll of magic mapping {unknown}
Potions
 d - 2 potions of might
 i - 2 potions of flight {unknown}
 j - a potion of curing {unknown}
 m - a potion of invisibility {unknown}
Comestibles
 e - 3 rations {!d}


   Skills:
 + Level 5.6 Fighting
 * Level 6.5 Polearms
 + Level 5.6 Armour
 + Level 5.6 Shields


You had 6 spell levels left.
You didn't know any spells.
Your spell library contained the following spells:

 Spells                   Type           Power        Failure   Level  Hunger
 Magic Dart               Conj           #...         99%         1    ##.....
 Blink                    Tloc           N/A          100%        2    ###....
 Call Imp                 Summ           #.....       100%        2    ###....
 Conjure Flame            Conj/Fire      #.......     100%        3    ####...
 Mephitic Cloud           Conj/Pois/Air  #.......     100%        3    ####...
 Spider Form              Tmut/Pois      #..          100%        3    ####...


Dungeon Overview and Level Annotations

Branches:
Dungeon (3/12)

Altars:


Innate Abilities, Weirdness & Mutations

You reflexively headbutt those who attack you in melee.
You have a pair of horns on your head.


Message History

Reactivating autopickup.
You feel a bit more experienced.
You puncture the rat!
You kill the rat!
The gnoll hits you with a +0 whip.
* * * LOW HITPOINT WARNING * * *
Things that are here:
a cursed -1 dagger; a +0 robe You hit the gnoll but do no damage.
The gnoll hits you but does no damage. You block the gnoll's attack.
You puncture the gnoll!
You kill the gnoll!
The gnoll hits you from afar with a +0 spear.
* * * LOW HITPOINT WARNING * * *
The gnoll hits you with a +0 spear!
* * * LOW HITPOINT WARNING * * *
Things that are here:
a +0 whip; a gnoll corpse You closely miss the gnoll.
The gnoll hits you with a +0 spear.
You die...

##########.##.#############
#.......[........# #
#.#########.#.##.# . #.#
#...# # # #.##########..#
#######.#......#Kg..#
.....##.#.####.#g#).#
####.##.#.# #.#g#..#
.....##.#.# #.#@#rg#
#######)#.# #.#)#.g######
######.#.## #.#.#.gK.g..#
#.........# #.#.#.>.....# .
#.........#
#.#.##......#######.
#........<#
#.#.##..............
#######.#.##
#.#.##..............
......#.#.#
#.#)##........†.)...
........#.#
#...#######.....).).


You could see 3 gnolls and a kobold.

Vanquished Creatures
  Sigmund (D:3)
  An ogre (D:3)
  A howler monkey (D:2)
  Crazy Yiuf (D:2)
  5 orc wizards (D:3)
  An orc priest (D:3)
  Ijyb (D:3)
  Terence (D:2)
  Natasha (D:3)
  Robin (D:2)
  4 gnolls (D:3)
  3 dart slugs
  A leopard gecko (D:2)
  10 orcs
  2 ball pythons (D:1)
  2 giant cockroaches
  13 goblins
  9 hobgoblins
  3 jackals (D:3)
  5 kobolds
  A quokka (D:2)
  4 bats
  3 frilled lizards
  A quokka zombie (D:3)
  6 rats
81 creatures vanquished.

Notes
Turn   | Place    | Note
-------+----------+-------------------------------------------
     0 | D:1      | Mrkan the Minotaur Fighter began the quest for the Orb.
     0 | D:1      | Reached XP level 1. HP: 19/19 MP: 0/0
   147 | D:1      | Reached XP level 2. HP: 17/27 MP: 1/1
   374 | D:1      | Reached skill level 3 in Polearms
   927 | D:2      | Noticed Robin
   936 | D:2      | Reached XP level 3. HP: 31/33 MP: 2/2
   943 | D:2      | Killed Robin
  1029 | D:2      | Reached skill level 4 in Polearms
  1029 | D:2      | Reached XP level 4. HP: 36/40 MP: 3/3
  1182 | D:2      | Found a runed door.
  1729 | D:2      | Noticed Terence
  1942 | D:2      | Noticed Crazy Yiuf
  1949 | D:2      | Killed Crazy Yiuf
  1949 | D:2      | Reached XP level 5. HP: 37/47 MP: 4/4
  2263 | D:3      | Noticed Ijyb
  2375 | D:2      | Killed Terence
  2541 | D:3      | Reached skill level 5 in Polearms
  2549 | D:3      | Killed Ijyb
  2549 | D:3      | Reached XP level 6. HP: 34/55 MP: 5/5
  2773 | D:3      | Reached skill level 5 in Fighting
  2779 | D:3      | Reached skill level 5 in Shields
  2783 | D:3      | Noticed Natasha
  2789 | D:3      | Killed Natasha
  2789 | D:3      | Reached skill level 5 in Armour
  2843 | D:3      | Noticed Sigmund
  2858 | D:3      | Killed Sigmund
  2858 | D:3      | Reached skill level 6 in Polearms
  3088 | D:3      | Reached XP level 7. HP: 61/61 MP: 6/6
  3157 | D:3      | HP: 2/61 [gnoll/+0 spear (7)]
  3158 | D:3      | Slain by a gnoll

Skill      XL: |  1  2  3  4  5  6 |
---------------+-------------------+-----
Polearms       | 3 4 5 6 |  6.5
Shields        | 4 5 |  5.6
Armour         | 4 5 |  5.6
Fighting       | 4 5 |  5.6

Action                   |  1- 3 |  4- 6 |  7- 9 || total
-------------------------+-------+-------+-------++-------
Melee: Trident           |    83 |   145 |    21 ||   249
       Headbutt          |    10 |    19 |     3 ||    32
  Eat: Chunk             |       |     4 |       ||     4
       Ration            |       |     1 |       ||     1
Armor: Scale mail        |    38 |    59 |    27 ||   124
Dodge: Dodged            |    32 |    46 |    13 ||    91
Block: Medium shield     |    37 |    76 |    16 ||   129
